 Dungeon Crawl Stone Soup version 0.21-a0-243-g597973d (webtiles) character file.

286 Pippin the Sneak (level 6, 0/32 HPs)
             Began as a Kobold Wanderer on Sept 4, 2017.
             Slain by a bat (1 damage)
             ... on level 3 of the Dungeon.
             The game lasted 00:10:05 (13902 turns).

Pippin the Sneak (Kobold Wanderer)                 Turns: 13902, Time: 00:10:06

Health: 0/32       AC:  5    Str:  9    XL:     6   Next: 56%
Magic:  7/7        EV: 10    Int: 13    God:
Gold:   118        SH:  0    Dex: 17    Spells: 7/7 levels left

rFire    . . .     SeeInvis .   j - +6 whip
rCold    . . .     Gourm    .   (shield restricted)
rNeg     . . .     Faith    .   a - +2 scale mail
rPois    +         Spirit   .   (no helmet)
rElec    .         Reflect  .   (no cloak)
rCorr    .         Harm     .   (no gloves)
MR       .....                  (no boots)
Stlth    ++........             (no amulet)
HPRegen  0.10/turn              f - ring of poison resistance
MPRegen  0.10/turn              i - -3 ring of protection (curse)

@: no status effects
A: carnivore 3
a: no special abilities


You were on level 3 of the Dungeon.
You were near starving.

You visited 1 branch of the dungeon, and saw 3 of its levels.

You collected 118 gold pieces.

Inventory:

Hand Weapons
 c - a +0 dagger
 j - a +6 whip (weapon)
Armour
 a - a +2 scale mail (worn)
Jewellery
 f - a ring of poison resistance (left hand)
 i - a cursed -3 ring of protection (right hand)
 o - an uncursed ring of magical power
Wands
 u - a wand of confusion (36/48)
Scrolls
 e - a scroll of immolation {unknown}
 g - a scroll of identify {unknown}
 k - a scroll of enchant weapon {unknown}
 m - a scroll of amnesia {unknown}
 n - a scroll of fear {unknown}
 p - a scroll of remove curse {unknown}
 q - a scroll of teleportation {unknown}
 s - a scroll of magic mapping {unknown}
Potions
 b - 4 potions of lignification
 l - 2 potions of haste {unknown}
 r - a potion of agility {unknown}
Comestibles
 d - 2 meat rations
 h - 2 royal jellies


   Skills:
 + Level 5.4 Short Blades
 - Level 1.0 Maces & Flails
 - Level 1.1 Throwing
 - Level 3.2 Armour
 + Level 6.3 Stealth
 - Level 1.1 Spellcasting
   Level 1.0 Ice Magic
   Level 1.0 Poison Magic


You had 7 spell levels left.
You didn't know any spells.

Dungeon Overview and Level Annotations

Branches:
Dungeon (3/15)

Altars:
Trog


Innate Abilities, Weirdness & Mutations

You are small and have problems with some larger weapons.
You are carnivorous and can eat meat at any time.


Message History

The orc priest closely misses you. The orc hits you but does no damage.
The bat barely misses you.
You hit the orc priest.
The orc priest is heavily wounded.
The bat hits you but does no damage. The hobgoblin hits you.
* * * LOW HITPOINT WARNING * * *
The orc priest hits you but does no damage.
The bat hits you but does no damage. The orc closely misses you.
You closely miss the orc priest.
The orc priest is heavily wounded.
The bat barely misses you. The hobgoblin barely misses you.
The orc priest hits you with a short sword.
* * * LOW HITPOINT WARNING * * *
The orc hits you but does no damage.
You whack the orc priest!
You kill the orc priest!
The bat hits you but does no damage. The hobgoblin barely misses you.
The bat hits you but does no damage. The bat hits you.
You die...

#. #. ##.######
# #.......#
.#.#.....<.#
...........#
#.#..%....#
##.....b@..##.#
......g.......#
.###..)o###...#
#...#..#K #.##
#.⌠.#.. .⌠ .#
#.. #≈≈ ... # ≈
≈≈≈ ###≈ ≈≈≈≈
.. ≈≈≈≈≈ .#


You could see an orc, a hobgoblin and a bat.

Vanquished Creatures
  A scorpion (D:1)
  An orc priest (D:3)
  3 gnolls (D:2)
  6 adders (D:2)
  2 worms (D:2)
  6 dart slugs
  3 leopard geckos
  An orc (D:3)
  4 giant cockroaches (D:2)
  9 goblins
  10 hobgoblins
  16 jackals
  A quokka (D:2)
  3 ball pythons
  7 bats
  9 frilled lizards
  13 kobolds
  14 rats
109 creatures vanquished.

Notes
Turn   | Place    | Note
-------+----------+-------------------------------------------
     0 | D:1      | Pippin the Kobold Wanderer began the quest for the Orb.
     0 | D:1      | Pippin set off with: a +2 scale mail, 2 potions of lignification, a +0 dagger, a meat ration
     0 | D:1      | Reached XP level 1. HP: 10/10 MP: 2/2
    87 | D:1      | Reached skill level 1 in Short Blades
    87 | D:1      | Reached skill level 2 in Stealth
   125 | D:1      | Reached XP level 2. HP: 10/15 MP: 3/3
   554 | D:1      | Reached skill level 3 in Stealth
   601 | D:1      | Reached XP level 3. HP: 19/19 MP: 4/4
  2257 | D:1      | Reached XP level 4. HP: 20/24 MP: 5/5
  4991 | D:1      | Reached skill level 4 in Stealth
  4991 | D:1      | Reached XP level 5. HP: 14/28 MP: 6/6
  6743 | D:2      | Found a bloodstained altar of Trog.
  6874 | D:2      | Reached skill level 5 in Stealth
  7224 | D:2      | Found a bloodstained altar of Trog.
  7304 | D:2      | Reached XP level 6. HP: 11/32 MP: 7/7
  7307 | D:2      | HP: 1/32 [gnoll (1)]
  8770 | D:2      | Found a bloodstained altar of Trog.
  9072 | D:2      | Reached skill level 5 in Short Blades
  9837 | D:2      | Reached skill level 6 in Stealth
 10413 | D:2      | Found a bloodstained altar of Trog.
 12249 | D:2      | Found a bloodstained altar of Trog.
 13700 | D:2      | Found a bloodstained altar of Trog.
 13900 | D:3      | HP: 1/32 [orc priest/short sword (3)]
 13902 | D:3      | Slain by a bat

Vault maps used:
D:1:      dpeg_arrival_solitude, grunt_decor_arrowhead, minmay_tall_x
D:2:      lightli_temple_of_fire, minmay_misc_feat_secret_circle
D:3:      first_bread, fountainhead, uniq_grinder, uniq_crazy_yiuf_cottage,
          uniq_sigmund

Skill      XL: |  1  2  3  4  5  6 |
---------------+-------------------+-----
Short Blades   | 1 2 3 4 5 |  5.4
Stealth        | 2 3 4 5 6 |  6.3
Maces & Flails | |  1.0
Throwing       | |  1.1
Armour         | |  3.2
Spellcasting   | |  1.1
Ice Magic      | |  1.0
Poison Magic   | |  1.0

Action                   |  1- 3 |  4- 6 || total
-------------------------+-------+-------++-------
Melee: Dagger            |    71 |       ||    71
       Whip              |    80 |   173 ||   253
 Stab: Sleeping          |       |     1 ||     1
  Eat: Chunk             |     9 |    29 ||    38
Armor: Scale mail        |    80 |    67 ||   147
Dodge: Dodged            |   110 |    78 ||   188

Table legend:
 A = Spawn XP
 B = Non-spawn XP
 C = Spawn XP percentage of total XP
 D = Spawn monster count
 E = Non-spawn monster count
 F = Spawn count percentage of total count
 G = Total turns spent on level
                    A         B        C        D         E        F      G
               +---------+---------+-------+---------+---------+-------+---------
         Total |     262 |     147 |  64.1 |      63 |      46 |  57.8 | 13902
               +---------+---------+-------+---------+---------+-------+---------
           D:1 |     117 |      48 |  70.9 |      33 |      29 |  53.2 |  6198
           D:2 |     145 |      53 |  73.2 |      30 |      15 |  66.7 |  7690
           D:3 |       0 |      46 |   0.0 |       0 |       2 |   0.0 |    14
               +---------+---------+-------+---------+---------+-------+---------
